[ AOE2 MATCH · #505903001 ]
UnrankedBurgundians vs Jurchens
Rival team · WIN
[ REPLAY ANALYSIS · EXTRACTED FROM THE RECORDED GAME ]
Feudal
—
Castle
—
Imperial
—
| APM avg | 50.4 |
| APM peak | 69 |
| eAPM avg | 22.6 |
| Villagers / military | 13 / 0 |
Focus
⚔️ 41.8% · 🌾 58.2%
Feudal
—
Castle
—
Imperial
—
| APM avg | 62.8 |
| APM peak | 77 |
| eAPM avg | 30.7 |
| Villagers / military | 22 / 0 |
Focus
⚔️ 36.5% · 🌾 63.5%
Match map
Initial resources + every placement click. Lines = walls · curves = elevation contours. ◆ gold · ⬟ stone · ● berries · ✦ relic · ◌ wall gap
Your base
zzzz123's base
Smoothed initial terrain · ◌ = detected wall gap · hover for details
Inputs per minute
— UpsideDownCumbrian - - zzzz123
Build order — UpsideDownCumbrian
23 actions detected in the replay
| 0:00 | Queue | Villager (Male) |
| 0:00 | Queue | Villager (Male) |
| 0:02 | Build | House |
| 0:03 | Build | House |
| 0:17 | Queue | Villager (Male) |
| 0:30 | Queue | Villager (Male) |
| 1:11 | Build | Palisade Wall |
| 1:26 | Research | Loom |
| 1:27 | Queue | Villager (Male) |
| 1:51 | Queue | Villager (Male) |
| 2:48 | Queue | Villager (Male) |
| 2:49 | Queue | Villager (Male) |
| 3:17 | Queue | Villager (Male) |
| 3:50 | Queue | Villager (Male) |
| 3:51 | Queue | Villager (Male) |
| 4:24 | Build | House |
| 4:45 | Queue | Villager (Male) |
| 4:47 | Queue | Villager (Male) |
| 5:06 | Build | Mill |
| 5:20 | Build | Palisade Wall |
| 5:24 | Build | Palisade Wall |
| 5:36 | Build | Palisade Wall |
| 5:38 | Build | Palisade Wall |
Build order — zzzz123
29 actions detected in the replay
| 0:01 | Queue | Villager (Male) |
| 0:01 | Queue | Villager (Male) |
| 0:02 | Build | House |
| 0:04 | Build | House |
| 0:17 | Queue | Villager (Male) |
| 0:17 | Queue | Villager (Male) |
| 0:17 | Queue | Villager (Male) |
| 0:45 | Research | Loom |
| 0:46 | Queue | Villager (Male) |
| 0:46 | Queue | Villager (Male) |
| 0:46 | Queue | Villager (Male) |
| 2:12 | Queue | Villager (Male) |
| 2:46 | Queue | Villager (Male) |
| 2:46 | Queue | Villager (Male) |
| 2:47 | Queue | Villager (Male) |
| 3:48 | Queue | Villager (Male) |
| 3:48 | Queue | Villager (Male) |
| 4:10 | Build | Palisade Wall |
| 4:38 | Queue | Villager (Male) |
| 4:38 | Queue | Villager (Male) |
| 4:38 | Queue | Villager (Male) |
| 4:50 | Build | Lumber Camp |
| 4:57 | Queue | Villager (Male) |
| 4:57 | Queue | Villager (Male) |
| 5:27 | Build | Palisade Wall |
| 5:29 | Build | Palisade Wall |
| 5:43 | Queue | Villager (Male) |
| 5:44 | Queue | Villager (Male) |
| 5:44 | Queue | Villager (Male) |
Match timeline
| 1:11 | UpsideDownCumbrian · wall_segment Palisade Wall x10 |
| 4:10 | zzzz123 · wall_segment Palisade Wall x8 |
| 5:20 | UpsideDownCumbrian · wall_segment Palisade Wall x8 |
| 5:24 | UpsideDownCumbrian · wall_segment Palisade Wall x1 |
| 5:27 | zzzz123 · wall_segment Palisade Wall x1 |
| 5:29 | zzzz123 · wall_segment Palisade Wall x1 |
| 5:36 | UpsideDownCumbrian · wall_segment Palisade Wall x1 |
| 5:38 | UpsideDownCumbrian · wall_segment Palisade Wall x1 |
| 5:49 | UpsideDownCumbrian · resign |
[ AI ANALYSIS · 1 CREDIT ]
What really happened in this match?
Wolo.gg analyzes every decision: build order, eco, micro, common mistakes by bracket. Personalized analysis on WhatsApp or Discord in 30 seconds.
Civ guide
Burgundians
Perfil
Jugador #18648149